AoeStats
← lactating blueberry

Arabia

510914930Analyzed
2v2 RM · 2h ago on Oct 3, 2026· 49m 33s· 4 players
Game mode
Random Map
Map size
Medium (4 player)
Population
200
Speed
Normal
Resources
Standard
Victory
Conquest
Starting age
Dark Age
Ending age
Imperial Age
RankedLock teamsTeams togetherTeam positionsShared explorationLock speedFull tech treeHidden civsTurbo modeCheats
Victory
Defeat
🇺🇸 Gurjaras · United States
906
+16
🇺🇸 Khmer · United States
852
+18
🇲🇽 Malay · Mexico
897
-17
🇺🇸 Japanese · United States
892
-17
lactating blueberry
7:17 Loom
9:21 Feudal Age
10:49 Double-Bit Axe
20:18 Castle Age
24:01 Bow Saw
24:30 Town Watch
25:47 Thumb Ring
28:39 Fletching
29:43 Bodkin Arrow
32:42 Horse Collar
36:30 Gold Mining
38:39 Gold Shaft Mining
38:53 Forging
39:00 Scale Mail Armor
40:57 Chain Mail Armor
42:36 Wheelbarrow
43:17 Kshatriyas
45:10 Iron Casting
50:09 Imperial Age
48:56 Hand Cart
49:20 Padded Archer Armor
Calamango
8:39 Feudal Age
16:51 Castle Age
14:58 Double-Bit Axe
16:01 Scale Barding Armor
15:48 Horse Collar
17:43 Light Cavalry
18:54 Forging
22:08 Bloodlines
31:16 Loom
41:24 Chain Barding Armor
42:45 Iron Casting
47:00 Husbandry
Campeador
10:40 Feudal Age
9:45 Loom
10:58 Man-at-Arms
12:53 Scale Mail Armor
14:53 Wheelbarrow
14:28 Arson
24:04 Castle Age
21:52 Double-Bit Axe
21:56 Horse Collar
23:20 Forging
23:04 Fletching
24:49 Forging
25:09 Bodkin Arrow
25:34 Pikeman
26:01 Gambesons
27:17 Bow Saw
27:11 Heavy Plow
27:19 Padded Archer Armor
28:54 Hand Cart
28:54 Long Swordsman
32:30 Town Watch
33:02 Chain Mail Armor
33:23 Iron Casting
33:01 Thumb Ring
34:17 Town Patrol
36:58 Ballistics
41:36 Imperial Age
41:16 Squires
41:10 Gold Mining
42:58 Bracer
43:48 Parthian Tactics
47:18 Heavy Cavalry Archer
Ioannes Chrysostomus
11:16 Feudal Age
18:31 Castle Age
17:18 Forging
16:40 Man-at-Arms
18:29 Horse Collar
18:38 Double-Bit Axe
20:52 Long Swordsman
22:56 Pikeman
28:08 Arson
Connection lost

Rejoining the realm…

Still unreachable

The connection could not be restored.

Session expired

The server has moved on; the page needs a fresh start.